Map: Cosmic Sapphire

Players

LiquidElazer (Elazer) - Winner!

  • Race: Zerg Zerg
  • Spawn Location: 11:00

Scarlett

  • Race: Zerg Zerg
  • Spawn Location: 5:00

Event: HomeStory Cup XXII

VOD

Have the link to the VOD?

Description

Time

  • Played on: Dec. 16, 2022, 3:47 p.m.
  • Length: 7:30

All games in this series

Show
View Real Time Build Order
Export as new Build Order

LiquidElazer Zerg - Winner!

Build Orders: Hatch First 

Get SALT Encoding   

  12  0:00  Drone  
  13  0:12  Overlord  
  13  0:17  Drone  
  14  0:30  Drone x2  
  16  0:48  Hatchery  
  15  0:51  Drone  
  15  0:54  Drone  
  17  0:57  Drone  
  18  1:09  Extractor  
  17  1:13  Spawning Pool  
  17  1:16  Drone  
  17  1:19  Drone  
  18  1:28  Drone  
  19  1:38  Drone  
  20  1:49  Drone  
  21  2:00  Queen x2  
  26  2:01  Zergling x2  
  26  2:02  Overlord  
  26  2:08  Metabolic Boost  
  26  2:11  Drone x2  
  28  2:21  Drone x2  
  30  2:32  Hatchery  
  30  2:35  Drone  
  30  2:37  Drone  
  31  2:44  Drone x2  
  33  2:52  Baneling Nest  
  33  2:53  Overlord  
  33  2:54  Drone  
  33  3:04  Drone x2  
  35  3:07  Drone  
  35  3:08  Overlord  
  36  3:15  Zergling x2  
  36  3:16  Zergling x2  
  36  3:18  Overlord  
  38  3:20  Drone x3  
  38  3:25  Queen  
  43  3:40  Zergling x16  
  50  3:52  Baneling x4  
  50  3:53  Zergling x8  
  50  3:55  Overlord  
  54  4:02  Drone x2  
  56  4:08  Roach Warren  
  55  4:23  Drone x11  
  65  4:27  Overlord  
  65  4:36  Zergling x10  
  70  4:43  Extractor  
  70  4:45  Extractor  
  68  4:48  Evolution Chamber  
  68  4:49  Roach  
  68  4:50  Roach x2  
  68  4:52  Overlord  
  74  5:00  Roach x3  
  74  5:03  Overlord  
  79  5:10  Overlord  
  79  5:18  Overlord  
  79  5:19  Drone x6  
  85  5:25  Lair  
  85  5:26  Drone x9  
  93  5:35  Overlord  
  90  5:38  Drone x2  
  90  5:39  Overlord  
  92  5:43  Extractor  
  92  5:44  Roach  
  92  5:45  Extractor  
  92  5:48  Roach  
  94  5:51  Roach x3  
  94  5:52  Roach x4  
  94  5:54  Overlord  
  108  6:04  Roach x4  
  116  6:07  Overlord  
  116  6:12  Roach  
  116  6:17  Roach  
  120  6:23  Roach  
  120  6:24  Roach x5  
  120  6:25  Hatchery  
  131  6:28  Roach  
  132  6:35  Roach  
  132  6:36  Roach x3  
  134  6:44  Roach x3  
  139  6:50  Roach  
  139  6:51  Roach x4  
  135  6:56  Roach  
  135  6:57  Roach x2  
Show
View Real Time Build Order
Export as new Build Order

Scarlett Zerg 

Build Orders: Hatch First 

Get SALT Encoding   

  12  0:00  Drone  
  13  0:12  Overlord  
  13  0:17  Drone  
  14  0:31  Drone x2  
  16  0:46  Hatchery  
  15  0:51  Drone  
  15  0:54  Drone  
  17  0:57  Drone  
  18  1:07  Extractor  
  17  1:12  Spawning Pool  
  17  1:15  Drone  
  17  1:18  Drone  
  18  1:27  Drone  
  19  1:38  Drone  
  20  1:50  Drone  
  21  1:59  Queen x2  
  21  2:00  Drone x2  
  27  2:02  Evolution Chamber  
  26  2:11  Overlord  
  26  2:12  Drone  
  27  2:21  Zergling x2  
  28  2:29  Zerg Ground Armor Level 1  
  28  2:31  Drone x2  
  28  2:32  Drone  
  31  2:37  Queen  
  33  2:48  Overlord  
  33  2:50  Drone  
  34  2:54  Drone x2  
  36  3:06  Metabolic Boost  
  36  3:08  Drone x6  
  36  3:10  Drone  
  36  3:12  Overlord  
  43  3:18  Zergling x2  
  44  3:22  Overlord  
  44  3:33  Zergling x4  
  46  3:38  Zergling x4  
  46  3:40  Zergling x6  
  51  3:53  Extractor  
  51  3:54  Zergling x10, Extractor  
  54  3:56  Hatchery  
  54  3:58  Lair  
  53  4:04  Roach Warren  
  53  4:05  Drone  
  53  4:08  Drone  
  54  4:12  Drone  
  47  4:28  Drone x8  
  47  4:30  Evolution Chamber  
  53  4:33  Zerg Missile Weapons Level 1  
  54  4:41  Overlord x2  
  53  4:49  Overlord  
  55  4:52  Roach  
  55  4:54  Roach x2  
  59  5:01  Glial Reconstitution  
  59  5:06  Drone x3  
  59  5:07  Drone  
  61  5:08  Extractor  
  61  5:12  Roach  
  61  5:13  Roach  
  64  5:18  Roach  
  66  5:23  Roach, Spine Crawler  
  66  5:24  Roach  
  66  5:28  Roach x2  
  73  5:31  Roach x4  
  78  5:39  Roach  
  78  5:42  Overlord  
  81  5:52  Roach  
  81  5:56  Hatchery  
  82  6:02  Roach x5  
  92  6:09  Overlord x3  
  92  6:37  Roach  
  92  6:38  Roach x9  
  106  6:47  Roach  
  103  6:49  Queen  
  103  6:51  Roach x3  
  90  6:57  Roach  
Tags
 
Add a new tag
Caveats
  • Supply blocks, unpowered buildings, or Contaminate may cause inaccurate times.
  • Supply counts are checked every 10 seconds.